 Dungeon Crawl Stone Soup version 0.29-a0-321-gf1c400731a (webtiles) character file.

Game seed: 16176909165747684834

53 inmateoo the Skirmisher (level 3, -5/29 HPs)
             Began as a Demonspawn Fighter on Apr 4, 2022.
             Was an Initiate of Yredelemnul.
             Splashed by a jelly's acid (10 damage)
             ... on level 3 of the Dungeon.
             The game lasted 00:01:55 (2111 turns).

inmateoo the Skirmisher (Demonspawn Fighter)        Turns: 2111, Time: 00:01:56

Health: -5/29      AC: -3    Str: 18    XL:     3   Next: 62%
Magic:  3/3        EV:  9    Int:  9    God:    Yredelemnul [......]
Gold:   169        SH:  4    Dex: 12    Spells: 2/2 levels left

rFire   . . .      SeeInvis +   a - +0 rapier
rCold   . . .      Faith    .   c - +0 buckler
rNeg    . . .      Spirit   .   b - +0 scale mail
rPois   .          Reflect  .   (no helmet)
rElec   .          Harm     .   (no cloak)
rCorr   .          Rampage  .   (no gloves)
Will    .....                   (no boots)
Stlth   ..........              (no amulet)
HPRegen 0.09/turn               q - ring of see invisible
MPRegen 0.16/turn               (no ring)

@: silenced, corroded
A: yellow scales 1, magic regeneration
a: Renounce Religion


You were on level 3 of the Dungeon.
You worshipped Yredelemnul.
Yredelemnul was noncommittal.
You visited 1 branch of the dungeon, and saw 3 of its levels.

You collected 169 gold pieces.

Inventory:

Hand Weapons
 a - a +0 rapier (weapon)
Armour
 b - a +0 scale mail (worn)
 c - a +0 buckler (worn)
Jewellery
 q - a ring of see invisible (left hand)
 t - a ring of flight
Wands
 u - a wand of polymorph (11)
Scrolls
 e - 3 scrolls of identify
 g - a scroll of summoning {unknown}
 h - a scroll of torment {unknown}
 i - 3 scrolls of brand weapon
 m - a scroll of fear {unknown}
 n - a scroll of enchant weapon {unknown}
 o - a scroll of enchant armour {unknown}
 p - a scroll of holy word {unknown}
 r - a scroll of amnesia {unknown}
 w - a scroll of teleportation {unknown}
Potions
 d - a potion of might
 j - a potion of lignification {unknown}
 k - a potion of curing
 l - a potion of mutation {unknown}
 s - a potion of flight {unknown}
 v - a potion of heal wounds {unknown}


   Skills:
 + Level 3.5 Fighting
 - Level 1.7 Short Blades
 - Level 2.6 Armour
 - Level 2.6 Shields
 * Level 2.4 Unarmed Combat


You had 2 spell levels left.
You didn't know any spells.
Your spell library was empty.

Dungeon Overview and Level Annotations

Branches:
Dungeon (3/15)

Altars:
Fedhas
Yredelemnul


Innate Abilities, Weirdness & Mutations

You are partially covered in yellow scales. (AC +2)
You regenerate magic rapidly.


Message History

You hit the jelly. The acid corrodes you!
Your hands burn!
The jelly is moderately wounded.
The jelly hits you.
You are splashed with acid!
You hit the jelly. The acid corrodes you!
Your hands burn!
The jelly is heavily wounded.
The jelly hits you.
* * * LOW HITPOINT WARNING * * *
The acid corrodes you!
You are splashed with acid!
* * * LOW HITPOINT WARNING * * *
You are too injured to fight recklessly!
Unknown command.
You swap places.
The jelly hits your orc zombie.
Your orc zombie is splashed with acid.
The acid corrodes your orc zombie!
Your orc zombie barely misses the jelly.
The jelly hits your orc zombie.
Your orc zombie is splashed with acid.
Your orc zombie seems to be corroded for longer.
Your orc zombie is destroyed!
Aiming: Polymorph
Press: ? - help, Shift-Dir - straight line, f - jelly
Aim: a jelly (heavily wounded, will become a killer bee, a tengu, or a river rat, chance to affect: 57%)
Okay, then.
It was a potion of curing.
You feel better.
As you read the scroll labelled KUATUR XAPNILA, it crumbles to dust.
It is a scroll of identify.
i - 3 scrolls of brand weapon
As you read the scroll labelled CEIFABBUCSO, it crumbles to dust.
A profound silence engulfs you.
It was a scroll of silence.
You block the jelly's attack.
You hit the jelly.
Your hands burn!
* * * LOW HITPOINT WARNING * * *
The jelly is heavily wounded.
The jelly barely misses you.
You hit the jelly but do no damage.
Your hands burn!
* * * LOW HITPOINT WARNING * * *
The jelly is heavily wounded.
The jelly hits you.
* * * LOW HITPOINT WARNING * * *
You are splashed with acid!
You die...
Your body rises from the dead as a mindless zombie.

### ##
#.##############.#######
#.............@#.#.#.#.#
#.#############J#.#.#.#
#)# #.#.#.#.# #.#####
##.#.#.# #.....# ..#.#.#
#######.# ###.#.#.#
#.......#####. #.#.# #.#
#..............##.# #.#
#................# #.#


You could see a jelly.

Vanquished Creatures
  An ufetubus (D:2)
  A dart slug (D:2)
  An orc (D:3)
  4 bats
  5 endoplasms
  A giant cockroach (D:2)
  3 goblins (D:1)
  4 hobgoblins
  3 jackals (D:1)
  A quokka (D:1)
  5 ball pythons
  3 frilled lizards (D:1)
  2 kobolds (D:2)
  A rat (D:1)
35 creatures vanquished.

Vanquished Creatures (collateral kills)
  An endoplasm (D:2)
  A kobold (D:2)
  A quokka (D:1)
  2 ball pythons
5 creatures vanquished.

Vanquished Creatures (others)
  A ball python zombie (D:2)
  A kobold zombie (D:2)
  An orc zombie (D:3)
  A spectral ufetubus (D:2)
4 creatures vanquished.

Grand Total: 44 creatures vanquished

Notes
Turn   | Place    | Note
-------+----------+-------------------------------------------
     0 | D:1      | inmateoo the Demonspawn Fighter began the quest for the
                  | Orb.
     0 | D:1      | Reached XP level 1. HP: 18/18 MP: 1/1
    97 | D:1      | Reached skill level 1 in Unarmed Combat
    98 | D:1      | Gained mutation: You regenerate magic rapidly. [demonic
                  | ancestry]
    98 | D:1      | Reached XP level 2. HP: 5/24 MP: 2/2
   395 | D:1      | Found a faded altar of an unknown god.
   610 | D:1      | Prayed at the altar of an unknown god.
   610 | D:1      | Became a worshipper of Yredelemnul the Dark
   610 | D:1      | Reached * piety under Yredelemnul
   974 | D:1      | Reached ** piety under Yredelemnul
  1111 | D:2      | Gained mutation: You are partially covered in yellow
                  | scales. (AC +2) [demonic ancestry]
  1111 | D:2      | Reached XP level 3. HP: 22/29 MP: 3/3
  1485 | D:2      | Found a blossoming altar of Fedhas.
  2102 | D:3      | HP: 1/29 [acid (7)]
  2111 | D:3      | Splashed by a jelly's acid

Illustrated notes

Levels and vault maps discovered:
D:1:      dpeg_arrival_tiny_a, layout_basic,
          dreamdust_ecumenical_altar_angels_and_demons, minmay_misc_feat_chi,
          dreamdust_wishing_well, hangedman_decor_clover_reticule, st_stairs_4,
          minivault_4, chequers_hall_statues_corner_a, minmay_small_reverse_x
D:2:      layout_basic, basic_altar
D:3:      minmay_diamond_boxcup, layout_basic, ebering_ghost_inner_flame,
          minivault_23, roderic_lattice_a, roderic_batcave, minivault_14,
          palyth_stone_intersect, minmay_misc_feat_square

Skill      XL: |  1  2 |
---------------+-------+-----
Unarmed Combat | 1 2 |  2.4
Fighting       | |  3.5
Short Blades   | |  1.7
Armour         | |  2.6
Shields        | |  2.6

Action                   || total
-------------------------++-------
Melee: Rapier            ||   117
  Use: Scroll            ||     2
       Potion            ||     1
 Stab: Distracted        ||     2
Armor: Scale mail        ||    69
Dodge: Dodged            ||    56
Block: Buckler           ||    37

Table legend: (Time is in decaauts)
 A = Elapsed time spent in this place.
 B = Non-inter-level travel time spent in this place.
 C = Inter-level travel time spent in this place.
 D = Time resting spent in this place.
 E = Time spent auto-exploring this place.
 F = Levels seen in this place.
 G = Mean time per level.
                   A        B        C        D        E       F      G
               +--------+--------+--------+--------+--------+-----+--------+
         Total |   2129 |   1996 |    133 |    653 |   1007 |   3 |  709.7 |
       Dungeon |   2129 |   1996 |    133 |    653 |   1007 |   3 |  709.7 |
               +--------+--------+--------+--------+--------+-----+--------+

Top non-repeatable levels by time:
     D:1: 1088 daAuts
     D:2: 992 daAuts
     D:3: 48 daAuts
